Map: Ever Dream LE

Players

Future - Winner!

  • Race: Terran Terran
  • Spawn Location: 1:00

MCanning

  • Race: Protoss Protoss
  • Spawn Location: 7:00

Event: DreamHack SC2 Masters 2020 Fall

VOD

Have the link to the VOD?

Description

Time

  • Played on: Sept. 10, 2020, 6:22 p.m.
  • Length: 16:08

All games in this series

Show
View Real Time Build Order
Export as new Build Order

Future Terran - Winner!

Build Orders: Reaper Expand 

Get SALT Encoding   

  12  0:00  SCV  
  13  0:12  SCV  
  14  0:16  Supply Depot  
  14  0:24  SCV  
  15  0:38  SCV  
  15  0:40  Barracks  
  15  0:42  Refinery  
  16  0:50  SCV  
  17  1:02  SCV  
  18  1:14  SCV  
  18  1:17  Unknown  
  19  1:27  Orbital Command, Reaper  
  20  1:40  Command Center  
  20  1:48  Supply Depot  
  20  1:54  SCV  
  20  1:58  Marine  
  22  2:07  SCV  
  23  2:08  Factory  
  23  2:16  Bunker  
  23  2:20  SCV  
  23  2:21  Barracks Reactor  
  24  2:33  SCV  
  24  2:34  Refinery  
  25  2:45  SCV  
  26  2:53  Hellion  
  26  2:57  Starport  
  29  2:58  SCV  
  29  2:59  Orbital Command, Marine  
  29  3:01  Marine  
  31  3:10  SCV  
  32  3:16  Factory Tech Lab  
  32  3:19  Marine x2  
  33  3:23  SCV  
  33  3:24  SCV  
  36  3:28  Barracks  
  36  3:35  SCV  
  36  3:36  SCV  
  36  3:41  Barracks, Marine x2  
  38  3:47  SCV, Supply Depot  
  41  3:48  SCV  
  41  3:51  Raven, Factory Tech Lab  
  41  3:55  Bunker  
  44  3:59  SCV  
  44  4:01  SCV  
  46  4:06  Supply Depot  
  46  4:09  Marine x2  
  48  4:11  SCV  
  48  4:13  SCV  
  48  4:14  Supply Depot  
  50  4:18  Engineering Bay  
  50  4:22  Stimpack  
  50  4:24  SCV  
  51  4:25  SCV  
  52  4:31  Refinery  
  52  4:34  Marauder  
  52  4:38  Factory Reactor  
  54  4:39  SCV x2  
  54  4:42  Marauder, Marine x2  
  59  4:46  Terran Infantry Weapons Level 1  
  59  4:51  Missile Turret  
  59  4:52  SCV  
  58  4:53  SCV  
  58  4:58  Supply Depot  
  59  5:00  Starport Reactor  
  59  5:04  SCV  
  59  5:05  SCV  
  59  5:07  Marauder x2  
  65  5:08  Marine x2  
  65  5:12  Supply Depot  
  67  5:16  Combat Shield, SCV  
  67  5:18  SCV  
  69  5:22  Refinery  
  69  5:24  Supply Depot  
  69  5:26  Marine x2  
  71  5:30  Marauder  
  71  5:32  Marauder  
  77  5:38  Medivac  
  77  5:42  Medivac  
  79  5:46  Supply Depot, Marine x2  
  79  5:49  Widow Mine x2  
  85  5:55  Supply Depot  
  85  5:58  Marauder x2  
  85  6:02  Concussive Shells  
  89  6:04  Marine x2  
  89  6:06  Missile Turret  
  89  6:09  Medivac  
  93  6:17  Medivac  
  95  6:19  Marine x2  
  95  6:22  Marine x2  
  99  6:34  Widow Mine x2  
  99  6:37  Marauder x2, Supply Depot  
  99  6:38  Supply Depot  
  107  6:40  Marine x2  
  107  6:46  Terran Infantry Armor Level 1  
  109  6:59  Medivac x2  
  109  7:00  Marauder x2, Marine x2  
  118  7:07  Widow Mine  
  122  7:08  Widow Mine  
  122  7:11  Command Center  
  122  7:22  Marauder x2  
  126  7:30  Supply Depot  
  126  7:32  Marine x2  
  126  7:36  Barracks  
  128  7:37  Barracks  
  128  7:44  Marauder x2  
  132  7:49  Marine x2  
  134  7:51  SCV x2  
  134  7:54  Armory  
  134  7:56  Engineering Bay, Viking  
  130  8:03  SCV x2  
  130  8:05  Marauder  
  130  8:11  Marauder  
  114  8:16  Marine x2  
  111  8:24  SCV x2  
  111  8:26  Barracks Tech Lab, Marauder, Barracks Reactor  
  113  8:28  Viking  
  113  8:33  Marauder  
  73  8:34  Viking  
  119  8:42  SCV x2  
  119  8:48  Marauder  
  123  8:52  Orbital Command  
  123  8:54  SCV x2  
  125  8:56  Terran Infantry Weapons Level 2  
  125  9:06  SCV x2  
  124  9:11  Marauder x2  
  127  9:18  SCV  
  127  9:21  SCV x2  
  128  9:30  Missile Turret, SCV  
  128  9:33  SCV  
  128  9:34  SCV  
  128  9:36  Marauder x2  
  128  9:37  Marauder  
  133  9:44  Marine x3  
  136  9:52  Sensor Tower, Viking x2, Refinery  
  136  9:53  Refinery  
  136  9:55  Terran Infantry Armor Level 2  
  136  9:56  Ghost Academy  
  136  10:00  Marauder x2  
  136  10:01  Marauder  
  136  10:03  Marine x2  
  137  10:14  Marine  
  132  10:21  Marauder x2  
  132  10:22  Viking x2, Marauder, Marine x2  
  130  10:39  Marine x2  
  130  10:40  Marine x2  
  130  10:41  Widow Mine x2  
  130  10:42  Ghost x2  
  140  10:43  Ghost  
  142  10:51  Command Center  
  142  10:52  Supply Depot  
  142  10:55  Viking  
  144  10:58  Viking  
  144  11:01  Marine x3  
  144  11:02  Marine  
  144  11:03  Widow Mine x2  
  154  11:08  SCV x2  
  154  11:10  SCV  
  157  11:14  Marauder x3  
  163  11:23  SCV x2  
  165  11:27  Missile Turret  
  165  11:35  Marine  
  165  11:40  Marine  
  165  11:45  SCV  
  165  11:46  Marine  
  165  11:49  Marine  
  165  11:54  Supply Depot x2  
  165  11:55  Supply Depot  
  165  11:56  Medivac x2, Marauder, SCV x2, Marine  
  165  11:57  Marauder x2  
  165  11:58  Marine  
  178  12:01  Terran Infantry Weapons Level 3  
  178  12:04  Marine  
  178  12:13  Barracks  
  178  12:14  Barracks  
  178  12:15  Barracks  
  166  12:17  Ghost x3  
  166  12:18  Marine  
  173  12:25  SCV  
  173  12:26  SCV x2  
  173  12:31  Medivac  
  173  12:32  Medivac  
  173  12:33  Marine x2  
  173  12:35  Marine  
  174  12:49  Marauder x2  
  174  12:50  Marauder, Marine  
  155  12:54  SCV  
  155  12:55  SCV  
  141  13:01  Planetary Fortress, SCV  
  140  13:10  Marauder  
  140  13:11  Barracks Tech Lab x3  
  143  13:12  SCV  
  143  13:13  SCV  
  143  13:14  SCV  
  143  13:17  Viking  
  143  13:19  Viking  
  149  13:26  Marauder x2  
  153  13:29  Marine x2  
  153  13:30  Marine  
  153  13:32  Marauder  
  158  13:34  Marauder  
  158  13:35  Marauder  
  158  13:41  Marauder  
  161  13:44  Marine  
  161  13:46  Viking, Marine  
  161  13:47  Marauder  
  161  13:48  Marauder  
  168  13:49  Viking  
  168  13:55  Marauder  
  172  13:56  Marauder, Marine x2  
  172  13:57  Marauder  
  178  14:07  Command Center  
  178  14:15  Marauder x3  
  178  14:16  Marauder, Marine x3  
  187  14:18  Marine x2  
  187  14:23  Marauder  
  189  14:36  Marauder x3  
  195  14:40  Marauder  
  195  14:41  Marauder  
  195  14:44  Marauder  
  200  14:51  Sensor Tower  
  200  14:59  Starport  
  200  15:00  Fusion Core, Starport  
  176  15:18  Marauder x5  
  179  15:30  Marauder  
  179  15:33  Marine x2  
  179  15:34  Medivac, Marine  
  171  15:39  Marauder x3  
  171  15:40  Marauder x2  
Show
View Real Time Build Order
Export as new Build Order

MCanning Protoss 

Build Orders: 1 Gate Expand, Dark Templar Rush 

Get SALT Encoding   

  12  0:00  Probe  
  13  0:12  Probe  
  14  0:17  Pylon  
  14  0:24  Probe  
  15  0:36  Probe (Chrono Boost)  
  15  0:37  Gateway  
  16  0:47  Assimilator  
  16  0:48  Probe (Chrono Boost)  
  17  0:52  Probe (Chrono Boost)  
  18  1:03  Probe  
  19  1:13  Unknown x2  
  19  1:14  Unknown  
  19  1:15  Probe  
  20  1:23  Nexus  
  20  1:33  Cybernetics Core  
  20  1:35  Probe  
  20  1:37  Unknown  
  21  1:46  Pylon  
  21  1:47  Probe  
  21  1:51  Assimilator  
  22  2:00  Probe  
  23  2:07  Adept (Chrono Boost)  
  23  2:12  Probe  
  26  2:24  Probe  
  27  2:30  Stalker (Chrono Boost)  
  27  2:36  Probe  
  30  2:42  Warp Gate, Probe  
  31  2:47  Stargate  
  31  2:48  Probe  
  32  2:53  Stalker (Chrono Boost)  
  32  2:54  Twilight Council, Probe  
  35  3:00  Probe  
  36  3:06  Probe  
  36  3:09  Pylon  
  38  3:12  Probe  
  38  3:18  Probe  
  39  3:25  Probe  
  40  3:32  Probe (Chrono Boost)  
  41  3:37  Probe (Chrono Boost)  
  41  3:39  Dark Shrine  
  42  3:44  Probe (Chrono Boost)  
  42  3:48  Probe (Chrono Boost)  
  44  3:49  Robotics Facility  
  44  3:52  Probe (Chrono Boost)  
  44  3:54  Probe (Chrono Boost)  
  46  3:57  Probe (Chrono Boost)  
  47  4:03  Probe  
  47  4:04  Gateway  
  47  4:09  Probe  
  48  4:15  Blink (Chrono Boost), Probe  
  48  4:16  Gateway, Pylon  
  49  4:21  Assimilator  
  49  4:22  Probe  
  49  4:23  Assimilator  
  50  4:30  Pylon, Probe  
  51  4:34  Probe  
  51  4:37  Adept  
  54  4:39  Warp Prism (Chrono Boost)  
  56  4:46  Probe  
  56  4:52  Probe  
  58  4:57  Nexus  
  58  5:00  Pylon  
  58  5:02  Sentry  
  58  5:05  Dark Templar  
  62  5:08  Probe  
  62  5:09  Observer  
  64  5:15  Gateway  
  64  5:18  Gateway  
  64  5:19  Probe  
  65  5:24  Robotics Bay  
  65  5:28  Probe  
  66  5:34  Shield Battery, Immortal (Chrono Boost)  
  70  5:43  Sentry  
  70  5:47  Stalker  
  70  5:48  Pylon  
  74  5:55  Pylon  
  74  6:01  Shield Battery  
  74  6:03  Charge (Chrono Boost)  
  74  6:04  Zealot  
  74  6:07  Probe  
  74  6:08  Probe  
  74  6:10  Probe  
  79  6:14  Pylon, Colossus (Chrono Boost)  
  85  6:22  Extended Thermal Lance, Probe  
  86  6:28  Probe  
  83  6:33  Sentry  
  83  6:34  Forge  
  83  6:37  Probe  
  83  6:39  Zealot  
  88  6:40  Stalker  
  88  6:41  Stalker  
  88  6:43  Assimilator, Probe  
  91  6:49  Gateway  
  91  6:56  Zealot  
  91  6:58  Colossus (Chrono Boost)  
  91  7:01  Zealot, Pylon  
  99  7:05  Probe  
  102  7:10  Zealot x3  
  106  7:15  Probe  
  107  7:23  Photon Cannon  
  107  7:24  Stalker x2  
  111  7:30  Zealot x2  
  111  7:33  Disruptor (Chrono Boost)  
  118  7:37  Protoss Ground Weapons Level 1  
  118  7:40  Probe  
  118  7:41  Photon Cannon  
  118  7:43  Zealot x2  
  119  7:55  Pylon  
  119  7:56  Probe, Pylon x2  
  119  7:58  Probe  
  113  8:01  Zealot x2  
  113  8:02  Zealot  
  105  8:07  Probe  
  105  8:11  Zealot x3  
  98  8:13  Disruptor (Chrono Boost)  
  96  8:26  Stalker x2  
  98  8:32  Dark Templar, Stalker  
  98  8:33  Stalker  
  101  8:36  Colossus (Chrono Boost)  
  105  8:49  Gateway x2  
  103  8:56  Zealot x2  
  103  8:57  Zealot x2  
  97  9:10  Zealot  
  97  9:15  Disruptor (Chrono Boost)  
  100  9:20  Zealot x4  
  100  9:23  Cybernetics Core  
  108  9:30  Observer  
  106  9:31  Zealot  
  98  9:42  Zealot x3  
  104  9:48  Disruptor (Chrono Boost)  
  104  9:49  Protoss Ground Armor Level 1 (Chrono Boost)  
  101  9:53  Zealot x2  
  101  9:54  Zealot  
  101  9:59  Assimilator  
  107  10:00  Pylon  
  107  10:03  Sentry  
  107  10:05  Stalker  
  107  10:06  Stalker  
  111  10:16  Colossus (Chrono Boost)  
  111  10:18  Stalker x2  
  115  10:23  Zealot  
  99  10:33  Stalker  
  99  10:34  Stalker x2  
  100  10:41  Shield Battery, Dark Templar  
  100  10:42  Dark Templar  
  104  10:44  Sentry  
  103  10:58  Dark Templar  
  103  11:00  Stalker x2  
  109  11:05  Disruptor (Chrono Boost), Gateway  
  109  11:06  Gateway  
  109  11:10  Probe  
  113  11:14  Stalker, Photon Cannon  
  113  11:15  Stalker x2  
  113  11:18  Pylon  
  117  11:25  Dark Templar  
  119  11:26  Probe  
  119  11:30  Forge  
  120  11:33  Disruptor (Chrono Boost)  
  120  11:34  Pylon  
  120  11:36  Dark Templar  
  125  11:43  Zealot x2  
  125  11:46  Dark Templar  
  129  11:48  Pylon  
  129  11:51  Protoss Ground Weapons Level 2 (Chrono Boost)  
  129  11:52  Dark Templar  
  129  11:59  Dark Templar  
  131  12:05  Stalker  
  131  12:06  Stalker x3  
  131  12:17  Shadow Stride (Chrono Boost)  
  131  12:18  Protoss Ground Armor Level 2  
  131  12:21  Zealot x2  
  133  12:29  Zealot x4  
  139  12:30  Zealot  
  141  12:41  Pylon  
  135  12:49  Disruptor (Chrono Boost)  
  122  12:56  Zealot  
  122  12:57  Zealot x5  
  122  12:58  Zealot  
  89  13:07  Dark Templar  
  91  13:15  Disruptor (Chrono Boost)  
  93  13:20  Sentry  
  93  13:22  Probe  
  93  13:26  Stalker  
  98  13:27  Nexus  
  98  13:28  Stalker  
  98  13:30  Probe  
  101  13:38  Probe  
  102  13:42  Disruptor (Chrono Boost)  
  102  13:43  Dark Templar  
  102  13:44  Dark Templar  
  102  13:48  Pylon  
  107  13:49  Archon, Probe  
  107  13:55  Stalker x3  
  109  13:56  Stalker x2  
  117  14:09  Disruptor (Chrono Boost)  
  118  14:11  Observer  
  118  14:14  Stalker  
  118  14:17  Nexus  
  116  14:25  Dark Templar x2  
  116  14:30  Stalker  
  120  14:35  Disruptor (Chrono Boost)  
  123  14:44  Stalker x2  
  127  14:48  Pylon  
  127  14:50  Dark Templar  
  127  14:54  Probe  
  126  15:01  Disruptor (Chrono Boost)  
  126  15:04  Archon  
  126  15:05  Stalker  
  117  15:16  Stalker  
  117  15:20  Zealot  
  109  15:29  Disruptor  
  109  15:35  Zealot x3  
  90  15:53  Zealot x2  
  94  16:00  Zealot  
  94  16:03  Zealot  

Tags
 
Add a new tag
Caveats
  • Supply blocks, unpowered buildings, or Contaminate may cause inaccurate times.
  • Supply counts are checked every 10 seconds.